 Dungeon Crawl Stone Soup version 0.24-a0-446-g87df720 (webtiles) character file.

Game seed: 6557799770518119234

37 Bazman the Chucker (level 3, -3/28 (29) HPs)
             Began as a Demigod Hunter on June 24, 2019.
             Slain by a necrophage (7 damage)
             ... on level 2 of the Dungeon.
             The game lasted 00:11:50 (1038 turns).

Bazman the Chucker (Demigod Hunter)                 Turns: 1038, Time: 00:11:51

HP:   -3/28 (29)    AC:  3    Str: 22    XL:     3   Next: 8%
MP:   5/5           EV: 12    Int: 15    God:
Gold: 88            SH:  0    Dex: 16    Spells: 2/2 levels left

rFire    . . .     SeeInvis .   a - +0 short sword
rCold    . . .     Gourm    .   (no shield)
rNeg     . . .     Faith    .   b - +0 leather armour
rPois    .         Spirit   .   (no helmet)
rElec    .         Reflect  .   (no cloak)
rCorr    .         Harm     .   (no gloves)
MR       .....                  (no boots)
Stlth    ++........             (no amulet)
HPRegen  0.09/turn              (no ring)
MPRegen  0.09/turn              (no ring)

@: mighty
A: high mp 1
a: no special abilities


You were on level 2 of the Dungeon.
You were not hungry.

You visited 1 branch of the dungeon, and saw 2 of its levels.

You collected 88 gold pieces.

Inventory:

Hand Weapons
 a - a +0 short sword (weapon)
 c - a +0 dagger
 j - a +0 dagger
 l - a +0 club
 o - a +0 hunting sling
 u - a +0 mace
 x - a +0 club
 y - a +0 spear
 B - a +0 club
Missiles
 d - 48 stones (quivered)
 n - 37 arrows
 s - a throwing net
Armour
 b - a +0 leather armour (worn)
 e - a +0 ring mail
 g - a +0 robe
 i - a cursed +0 leather armour
 A - a +0 leather armour
Scrolls
 k - a scroll of fog {unknown}
 w - a scroll of enchant armour {unknown}
 z - a scroll of teleportation {unknown}
Potions
 p - a potion of haste {unknown}
 q - a potion of magic {unknown}
 t - a potion of berserk rage {unknown}
 v - a potion of lignification {unknown}
Comestibles
 f - 2 rations


   Skills:
 + Level 2.0 Fighting
 + Level 0.9 Short Blades
 + Level 4.2 Throwing
 + Level 0.2 Armour
 + Level 1.9 Dodging
 + Level 0.8 Stealth


You had 2 spell levels left.
You didn't know any spells.
Your spell library was empty.

Dungeon Overview and Level Annotations

Branches:
Dungeon (2/15)


Innate Abilities, Weirdness & Mutations

You have an increased reservoir of magic. (+10% MP)


Message History

Your leather armour prevents you from hitting the necrophage.
The necrophage is severely damaged.
The necrophage barely misses you.
You hit the necrophage.
The necrophage is severely damaged.
The necrophage hits you!
* * * LOW HITPOINT WARNING * * *
You feel your flesh rotting away! The necrophage closely misses you.
It was a potion of might.
You feel very mighty all of a sudden. The necrophage barely misses you.
It was a potion of mutation.
You feel extremely strange.
Your connection to magic feels subdued.
Your magic regains its normal vibrancy.
The necrophage hits you.
* * * LOW HITPOINT WARNING * * *
You see here a leopard gecko corpse.
The rat twitches its whiskers.
There is a stone staircase leading up here.
The necrophage hits you!
You die...

.....#.##.#....#...........##....
.....#........##.<...............
.....#....#..###.................
.....#...#.......................
.....................####.###....
............#.....###.######.
.#..#........#..............
....####....#...###..##+.
.##.#...@nr####..##†.#
#....#....# ##.....# #..#.....##
##.#.## ............ ...#⌠.#
....##............#.... ...
#.........## ##(.... .#
#......... ..... .......... ..._.
.......... .....


You could see a necrophage and a rat.

Vanquished Creatures
  An adder (D:2)
  2 dart slugs (D:1)
  2 leopard geckos (D:2)
  3 bats (D:1)
  4 goblins (D:1)
  A hobgoblin (D:2)
  4 jackals (D:1)
  3 frilled lizards
  2 rats (D:1)
22 creatures vanquished.

Notes
Turn   | Place    | Note
-------+----------+-------------------------------------------
     0 | D:1      | Bazman the Demigod Hunter began the quest for the Orb.
     0 | D:1      | Reached XP level 1. HP: 17/17 MP: 3/3
   326 | D:1      | Reached XP level 2. HP: 24/24 MP: 4/4
   402 | D:1      | Reached skill level 4 in Throwing
   889 | D:2      | Reached XP level 3. HP: 25/29 MP: 5/5
  1007 | D:2      | Found a shattered altar of Ashenzari.
  1008 | D:2      | Noticed a necrophage
  1024 | D:2      | Gained mutation: Your spells are a little easier to cast,
                  | but a little less powerful. [potion of mutation]
  1024 | D:2      | Lost mutation: Your spells are a little easier to cast, but
                  | a little less powerful. [potion of mutation]
  1038 | D:2      | Slain by a necrophage

Levels and vault maps discovered:
D:1:      co_arrival_square_in_a_square_in_a_square, layout_loops_corners
D:2:      layout_rooms, evilmike_ruin_ashenzari

Skill      XL: |  1  2 |
---------------+-------+-----
Fighting       | 2 |  2.0
Throwing       | 4 |  4.2
Short Blades   | |  0.9
Armour         | |  0.2
Dodging        | |  1.9
Stealth        | |  0.8

Action                   || total
-------------------------++-------
Melee: Short sword       ||    27
Throw: Javelin           ||    33
       Throwing net      ||     2
  Use: Potion            ||     2
Armor: Leather armour    ||     1
Dodge: Dodged            ||    14

Table legend:
 A = Non-vault XP
 B = Vault XP
 C = Vault XP percentage of total XP
 D = Non-vault monster count
 E = Vault monster count
 F = Vault count percentage of total count
                 A         B        C        D         E       F
            +---------+---------+-------+---------+---------+-------
      Total |      54 |       0 |   0.0 |      22 |       0 |   0.0
            +---------+---------+-------+---------+---------+-------
        D:1 |      32 |       0 |   0.0 |      17 |       0 |   0.0
        D:2 |      22 |       0 |   0.0 |       5 |       0 |   0.0
            +---------+---------+-------+---------+---------+-------
